 Dungeon Crawl Stone Soup version 0.26.1-11-gd32895ea62 (webtiles) character file.

Game seed: 14952345562541947697

1453 Kukuleta the Insei (level 8, 0/64 HPs)
             Began as an Octopode Transmuter on June 30, 2021.
             Was an Initiate of Gozag.
             Slain by a gnoll
             ... wielding a +3 flail of protection
              (11 damage)
             ... on level 7 of the Dungeon.
             The game lasted 00:27:18 (13507 turns).

Kukuleta the Insei (Octopode Transmuter)           Turns: 13507, Time: 00:27:19

Health: 0/64       AC:  6    Str: 10 (11) XL:     8   Next: 75%
Magic:  12/14      EV: 11    Int: 16      God:    Gozag
Gold:   177        SH:  0    Dex: 12      Spells: 8/15 levels left

rFire    x x .     SeeInvis .     - Unarmed
rCold    + + +     Faith    .   (shield currently unavailable)
rNeg     + . .     Spirit   .   (helmet currently unavailable)
rPois    +         Reflect  .   (no amulet)
rElec    .         Harm     .   m - ring of positive energy
rCorr    .         Rampage  .   u - ring of wizardry
Will     .....                  r - ring of ice
Stlth    +.........             (no ring)
HPRegen  0.20/turn              (no ring)
MPRegen  0.14/turn              (no ring)
                                (no ring)
                                (no ring)

@: ice-form (expiring), wereblooded
A: large, almost no armour, stealthy swim, amphibious, 8 rings, (constrict 8)
a: End Transformation, Renounce Religion, Potion Petition, Call Merchant, Bribe
Branch


You were on level 7 of the Dungeon.
You worshipped Gozag.
Gozag was aware of your devotion.
You were a creature of crystalline ice.
You visited 2 branches of the dungeon, and saw 8 of its levels.

You collected 449 gold pieces.
You spent 140 gold pieces at shops.
You paid 132 gold pieces to Gozag.

Inventory:

Armour
 t - a scarf of invisibility
Jewellery
 m - a ring of positive energy (left front paw)
 r - a ring of ice (on tentacle)
 u - a ring of wizardry (right front paw)
Wands
 d - a wand of flame (14)
 p - a wand of digging (7)
Scrolls
 b - 5 scrolls of magic mapping
 c - 2 scrolls of identify
 f - a scroll of teleportation
 k - 3 scrolls of remove curse
Potions
 a - a potion of cancellation
 e - a potion of lignification {unknown}
 g - 2 potions of curing {unknown}
 h - 2 potions of resistance
 i - 2 potions of haste
 j - a potion of brilliance {unknown}
 l - a potion of degeneration
 n - a potion of berserk rage {unknown}
 o - a potion of heal wounds {unknown}
 q - a potion of mutation {unknown}
 s - a potion of invisibility {unknown}


   Skills:
 + Level 4.2 Fighting
 + Level 4.5 Dodging
 - Level 0.2 Stealth
 + Level 5.5 Unarmed Combat
 + Level 4.3 Spellcasting
 + Level 4.6 Transmutations
 + Level 3.7 Ice Magic


You had 8 spell levels left.
You knew the following spells:

 Your Spells              Type           Power        Failure   Level
a - Beastly Appendage     Tmut           36%          1%          1
b - Ice Form              Ice/Tmut       25%          12%         4
c - Wereblood             Tmut           18%          1%          2

Your spell library contained the following spells:

 Spells                   Type           Power        Failure   Level
 Foxfire                  Conj/Fire      12%          7%          1
 Spider Form              Tmut/Pois      5%           8%          3
 Confusing Touch          Hex            3%           21%         3
 Conjure Flame            Conj/Fire      3%           21%         3
 Gell's Gravitas          Tloc           1%           21%         3
 Inner Flame              Hex/Fire       3%           21%         3
 Petrify                  Tmut/Erth      10%          26%         4
 Blade Hands              Tmut           9%           26%         5
 Sticky Flame             Conj/Fire      3%           52%         4
 Yara's Violent Unravell  Hex/Tmut       5%           54%         5
 Metabolic Englaciation   Hex/Ice        7%           61%         5
 Fireball                 Conj/Fire      1%           86%         5


Dungeon Overview and Level Annotations

Branches:
Dungeon (7/15)             Temple (1/1) D:6

Altars:
Ashenzari
Cheibriados
Dithmenos
Elyvilon
Fedhas
Gozag
Hepliaklqana
Kikubaaqudgha
Makhleb
Nemelex Xobeh
Okawaru
Qazlal
Ru
Sif Muna
Trog
Vehumet
Wu Jian
Xom
Yredelemnul
The Shining One

Shops:
D:6 !

Annotations:
D:3 2 transporters
D:4 3 runed translucent doors, Mattiprrivan's ghost, amateur TeAK


Innate Abilities, Weirdness & Mutations

You cannot wear most types of armour.
You are very stealthy in the water. (Stealth+)
You are amphibious.
You can wear up to eight rings at the same time.
((You can use your tentacles to constrict eight enemies at once.))
((Your skin changes colour to match your surroundings (Stealth+).))
((Your rubbery body absorbs attacks. (AC +1, EV +1)))


Message History

The gnoll sergeant hits you from afar with a +0 trident.
You hit the gnoll. You freeze the gnoll.
The gnoll is severely wounded.
The gnoll hits you but does no damage.
The gnoll sergeant hits you from afar with a +0 trident!
* * * LOW HITPOINT WARNING * * *
You barely miss the gnoll.
The gnoll is severely wounded.
The gnoll hits you but does no damage.
The gnoll hits you with a +3 flail of protection.
* * * LOW HITPOINT WARNING * * *
The gnoll sergeant misses you.
The gnoll hits you from afar with a +0 spear.
* * * LOW HITPOINT WARNING * * *
Your transformation is almost over.
You see here a club.
You completely miss the gnoll.
The gnoll hits you with a +3 flail of protection!
You die...
Your body crumbles into a pile of gold.

#.## ###...#
#............##.###
#.....#
#.....#.#######.#
#..#+#..##..## #.#
#......# #.## #.#
###$g..# #.# #.#
#g######.#########.#
#.# #.....#.......#
#g####.....#.#######
#...gY.......#
######.....###
####### $


You could see a gnoll sergeant and a gnoll.

Vanquished Creatures
  Maggie (D:7)
  A black bear (D:6)
  2 phantoms
  3 ogres
  A centaur (D:5)
  A bullfrog (D:6)
  A water moccasin skeleton (D:4)
  A hound (D:6)
  Crazy Yiuf (D:2)
  An orc priest (D:3)
  An orc wizard (D:4)
  Natasha (thrice) (D:2)
  4 worker ants
  A hound skeleton (D:5)
  A howler monkey zombie (D:6)
  3 gnolls (D:7)
  5 adders
  2 oozes
  An adder skeleton (D:4)
  2 worms
  A dart slug (D:2)
  2 leopard geckos
  13 orcs
  5 giant cockroaches
  5 goblins
  8 hobgoblins (D:1)
  2 jackals (D:6)
  13 kobolds
  2 quokkas (D:6)
  6 bats
  3 frilled lizards
  A leopard gecko skeleton (D:4)
  11 rats
108 creatures vanquished.

Vanquished Creatures (others)
  A fungus (D:2)
1 creature vanquished.

Grand Total: 109 creatures vanquished

Notes
Turn   | Place    | Note
-------+----------+-------------------------------------------
     0 | D:1      | Kukuleta the Octopode Transmuter began the quest for the
                  | Orb.
     0 | D:1      | Reached XP level 1. HP: 13/13 MP: 3/3
   100 | D:1      | Reached XP level 2. HP: 2/18 MP: 5/5
   564 | D:1      | Reached XP level 3. HP: 10/23 MP: 6/6
  1955 | D:2      | Noticed Natasha
  1964 | D:2      | Killed Natasha
  1965 | D:2      | Reached XP level 4. HP: 12/29 MP: 5/7
  2163 | D:2      | Learned a level 4 spell: Ice Form
  2269 | D:2      | Noticed Natasha
  2274 | D:2      | Killed Natasha
  2275 | D:2      | Reached skill level 4 in Unarmed Combat
  2519 | D:2      | Noticed Natasha
  2528 | D:2      | Killed Natasha
  2529 | D:2      | Reached XP level 5. HP: 25/34 MP: 6/8
  2666 | D:2      | Found a runed translucent door.
  2667 | D:2      | Noticed Crazy Yiuf
  2675 | D:2      | Killed Crazy Yiuf
  2866 | D:3      | Reached skill level 1 in Ice Magic
  2916 | D:3      | Found a transporter.
  2924 | D:3      | Found a transporter.
  3012 | D:3      | Learned a level 2 spell: Wereblood
  3166 | D:3      | Reached XP level 6. HP: 28/40 MP: 10/10
  3454 | D:3      | Found an iron altar of Okawaru.
  3454 | D:3      | Found a sparkling altar of Nemelex Xobeh.
  3530 | D:3      | You fall into a shaft and drop 2 floors!
  3530 | D:5      | Entered Level 5 of the Dungeon
  4087 | D:3      | Noticed a fire elemental
  4089 | D:3      | Found a stormy altar of Qazlal.
  4093 | D:3      | Noticed a water elemental
  4093 | D:3      | Noticed an air elemental
  4382 | D:4      | Found a runed translucent gate.
  4391 | D:4      | HP: 1/41 [ogre/+0 giant spiked club (21)]
  4399 | D:3      | Reached XP level 7. HP: 2/45 MP: 11/11
  4683 | D:4      | Found a runed translucent gate.
  4684 | D:4      | Found a runed translucent gate.
  4721 | D:4      | Noticed Mattiprrivan's ghost (amateur TeAK)
  7482 | D:6      | Found a burning altar of Makhleb.
  7834 | D:6      | Reached skill level 5 in Unarmed Combat
  7943 | D:6      | Found a staircase to the Ecumenical Temple.
  7955 | D:6      | Reached XP level 8. HP: 52/52 MP: 11/13
  7964 | Temple   | Entered the Ecumenical Temple
  8179 | Temple   | Became a worshipper of Gozag Ym Sagoz the Greedy
  8309 | D:6      | Found Ogatsih's Distillery.
  8315 | D:6      | Bought a potion of haste for 140 gold pieces
 13146 | D:7      | Noticed Maggie
 13161 | D:7      | Killed Maggie
 13507 | D:7      | Slain by a gnoll

Illustrated notes

Levels and vault maps discovered:
D:1:      nzn_arrival_depleted_hourglass, layout_rooms, minmay_vboxes
D:2:      layout_loops_ring, columned_hall_lemuel, uniq_natasha,
          uniq_crazy_yiuf_cottage
D:3:      gammafunk_wand_slinger, layout_loops_ring,
          nicolae_qazlal_style_of_elements, minitemple, serial_park_tiny_pond
D:4:      layout_loops_ring, gammafunk_ghost_icy
D:5:      layout_gridville
D:6:      layout_rooms, nicolae_overflow_hidden_temple,
          minmay_temple_entry_glassed_door, serial_shops, shop
D:7:      layout_loops_ring, kennysheep_mini_moat,
          lemuel_coloured_pillars_altar, dk_yredelemnul_ordeal, uniq_maggie
Temple:   nicolae_temple_elliptical

Skill      XL: |  1  2  3  4  5  6  7  8 |
---------------+-------------------------+-----
Unarmed Combat | 4 5 |  5.5
Fighting       | 2 3 4 |  4.2
Ice Magic      | 1 2 3 |  3.7
Dodging        | 3 4 |  4.5
Transmutations | 3 4 |  4.6
Spellcasting   | 3 4 |  4.3
Stealth        | |  0.2

Action                   |  1- 3 |  4- 6 |  7- 9 || total
-------------------------+-------+-------+-------++-------
Melee: Unarmed           |    89 |   108 |   150 ||   347
       Constrict         |    20 |    27 |    18 ||    65
       Tentacles         |    15 |    19 |    29 ||    63
       Kick              |     8 |    18 |    27 ||    53
       Punch             |       |     3 |     6 ||     9
 Cast: Beastly Appendage |     6 |    12 |    25 ||    43
       Wereblood         |       |       |     3 ||     3
       Ice Form          |       |       |     2 ||     2
Evoke: Wand              |       |       |     1 ||     1
  Use: Scroll            |     7 |     1 |     3 ||    11
       Potion            |       |       |     2 ||     2
 Stab: Sleeping          |     4 |     4 |     2 ||    10
Armor: Skin              |    14 |     1 |    14 ||    29
Dodge: Dodged            |    56 |    50 |    81 ||   187
